 Dungeon Crawl Stone Soup version 0.30.1-9-gdf580d7c3d (webtiles) character file.

Game seed: 18426671508465639699

23 Ahpoh the Slasher (level 3, 30/30 HPs)
             Began as a Ghoul Gladiator on Sept 27, 2023.
             Quit the game on level 1 of the Dungeon on Oct 16, 2023.
             The game lasted 00:03:38 (1077 turns).

Ahpoh the Slasher (Ghoul Gladiator)                 Turns: 1077, Time: 00:03:38

Health: 30/30      AC:  6    Str: 17    XL:     3   Next: 0%
Magic:  2/2        EV: 11    Int:  3    God:
Gold:   32         SH:  0    Dex: 12    Spells: 2/2 levels left

rFire   . . .        a - +0 long sword
rCold   + . .        (no shield)
rNeg    + + +        h - +0 ring mail
rPois   ∞            c - +0 helmet
rElec   .            (no cloak)
rCorr   .            (no gloves)
SInv    .            (no boots)
Will    .....        (no amulet)
Stlth   +            (no ring)
HPRegen 0.25/turn    (no ring)
MPRegen 0.08/turn

%: no passive effects
@: no status effects
A: claws 1, cold resistance 1, negative energy resistance 3, inhibited
regeneration, torment resistance 2, devour on kill
a: no special abilities


You were on level 1 of the Dungeon.
You visited 1 branch of the dungeon, and saw 1 of its levels.

You collected 32 gold pieces.

Inventory:

Hand Weapons
 a - a +0 long sword (weapon)
Missiles
 d - 3 throwing nets (quivered)
 e - a javelin
Armour
 b - a +0 leather armour
 c - a +0 helmet (worn)
 h - a +0 ring mail (worn)
Scrolls
 f - a scroll of teleportation
 i - a scroll of vulnerability {unknown}
 j - a scroll of poison {unknown}
 k - a scroll of fear {unknown}
Potions
 g - a potion of heal wounds {unknown}
 l - a potion of haste {unknown}


   Skills:
 + Level 2.5 Fighting
 + Level 3.2 Long Blades
 + Level 1.9 Throwing
 + Level 2.9 Dodging
 + Level 0.1 Stealth


You had 2 spell levels left.
You didn't know any spells.
Your spell library was empty.

Dungeon Overview and Level Annotations

Branches:
Dungeon (1/15)

Altars:

Shops:
D:1 ?


Innate Abilities, Weirdness & Mutations

You are immune to poison.
You have sharp fingernails.
Your flesh is cold resistant. (rC+)
You are immune to negative energy. (rN+++)
You do not regenerate when monsters are visible.
You are immune to unholy pain and torment.
You thrive by killing the living.


Message History

You kill the kobold!
You feel better.
Things that are here:
a +0 short sword; a kobold corpse A frilled lizard comes into view.
The frilled lizard hisses angrily.
A frilled lizard is nearby!
You slash the frilled lizard!
You kill the frilled lizard!
A bat comes into view.
You barely miss the bat. The bat hits you but does no damage.
The bat closely misses you.
You closely miss the bat. The bat completely misses you.
The bat closely misses you. The bat hits you but does no damage.
You closely miss the bat. The bat hits you but does no damage. x2
The bat closely misses you.
You barely miss the bat. The bat barely misses you. The bat closely misses you.
The bat completely misses you.
You hit the bat but do no damage. The bat hits you but does no damage. x2
You hit the bat.
You kill the bat!
You have reached level 3!
Your experience leads to an increase in your attributes!
Increase (S)trength, (I)ntelligence, or (D)exterity?
Uppercase letters only, please.
You feel agile. x2
You see here a bat corpse.
k - a scroll labelled MEOSHO WUSE You now have 32 gold pieces (gained 13).
l - a red potion You open the door.
There is an open door here.
You see here a +0 dagger.
Done exploring.
Done exploring.
Done exploring.
Done exploring.
Welcome back, Ahpoh the Ghoul Gladiator.
Press ? for a list of commands and other information.
Are you sure you want to abandon this character and quit the game? (Confirm with "yes".)

###.....###### #.# #.#
.###...###...######## #.# #.#
...##'##.......##...# #.# #.#
....#.#.........##..# #.# #.#
....'.'......)..##..###.# #.#
....#.#.........##......# #.#
...##'##.......###.##########.#
.####.####...###..............#
##.......######.@..############
............###..###
.............##..#
.............[##########
.....⌠........#........#
....⌠>⌠.......#.######.#
.....⌠........#.#....#.#
.............##.#.#.##.#
............###.#.#.##.#


There were no monsters in sight!

Vanquished Creatures
  2 endoplasms (D:1)
  5 hobgoblins (D:1)
  3 quokkas (D:1)
  6 bats (D:1)
  2 frilled lizards (D:1)
  A goblin (D:1)
  3 kobolds (D:1)
  A rat (D:1)
23 creatures vanquished.

Notes
Turn   | Place    | Note
-------+----------+-------------------------------------------
     0 | D:1      | Ahpoh the Ghoul Gladiator began the quest for the Orb.
     0 | D:1      | Reached XP level 1. HP: 17/17 MP: 0/0
   211 | D:1      | Reached skill level 3 in Long Blades
   232 | D:1      | Reached XP level 2. HP: 24/25 MP: 1/1
   392 | D:1      | Found Hibbih's Magic Scroll Shoppe.
   732 | D:1      | Reached XP level 3. HP: 30/30 MP: 2/2
  1077 | D:1      | Quit the game

Illustrated notes

Levels and vault maps discovered:
D:1:      dpeg_arrival_three_bigger_balls, layout_basic, serial_shops,
          shop_statue, minivault_27

Skill      XL: |  1 |
---------------+----+-----
Long Blades    | 3 |  3.2
Fighting       | |  2.5
Throwing       | |  1.9
Dodging        | |  2.9
Stealth        | |  0.1

Action                     || total
---------------------------++-------
  Melee: Long sword        ||    86
    Use: Scroll            ||     1
 Armour: Leather armour    ||    15
         Ring mail         ||    27
  Dodge: Dodged            ||    57
